 Dungeon Crawl Stone Soup version 0.30.1-11-g7821555f0a (webtiles) character file.

Game seed: 13586723309346069036

111 Groucho the Sneak (level 4, -2/21 HPs)
             Began as a Spriggan Earth Elementalist on Nov 8, 2023.
             Killed from afar by Natasha (7 damage)
             ... with a magic dart
             ... on level 1 of the Dungeon.
             The game lasted 00:05:55 (4110 turns).

Groucho the Sneak (Spriggan Earth Elementalist)     Turns: 4110, Time: 00:05:55

Health: -2/21      AC:  2    Str:  4    XL:     4   Next: 62%
Magic:  7/9        EV: 17    Int: 18    God:
Gold:   71         SH:  0    Dex: 15    Spells: 8/9 levels left

rFire   . . .        k - +0 dagger (venom)
rCold   . . .        h - orb {light}
rNeg    . . .        a - +0 robe
rPois   .            (helmet restricted)
rElec   .            (no cloak)
rCorr   .            (gloves unavailable)
SInv    +            (boots unavailable)
Will    .....        (no amulet)
Stlth   +            (no ring)
HPRegen 0.23/turn    (no ring)
MPRegen 0.11/turn

%: no passive effects
@: glowing, very quick
A: very small, no large weapons, unfitting armour, see invisible, speed 3
a: no special abilities


You were on level 1 of the Dungeon.
You visited 1 branch of the dungeon, and saw 3 of its levels.

You collected 71 gold pieces.

Inventory:

Hand Weapons
 k - a +0 dagger of venom (weapon)
Armour
 a - a +0 robe (worn)
 h - an orb of light (worn)
Jewellery
 i - a +4 ring of protection
Scrolls
 c - a scroll of identify {unknown}
 e - 2 scrolls of amnesia {unknown}
 j - a scroll of teleportation {unknown}
Potions
 b - 2 potions of magic
 d - a potion of degeneration {unknown}
 f - a potion of mutation {unknown}
 g - a potion of heal wounds {unknown}


   Skills:
 + Level 3.2 Dodging
 + Level 4.0 Stealth
 + Level 3.2 Spellcasting
 * Level 1.4 Conjurations
 + Level 2.2 Transmutations
 * Level 3.4 Earth Magic


You had 8 spell levels left.
You knew the following spells:

 Your Spells              Type           Power      Damage    Failure   Level
a - Sandblast             Erth           30%        2d9       4%          1

Your spell library contained the following spells:

 Spells                   Type           Power      Damage    Failure   Level
 Passwall                 Tmut/Erth      10%        N/A       8%          2
 Stone Arrow              Conj/Erth      22%        3d8       17%         3
 Petrify                  Tmut/Erth      13%        N/A       45%         4


Dungeon Overview and Level Annotations

Branches:
Dungeon (3/15)

Altars:

Annotations:
D:1 Natasha


Innate Abilities, Weirdness & Mutations

You are very small and have problems with some larger weapons.
You are too small for most types of armour.
You have supernaturally acute eyesight. (SInv)
You cover ground extremely quickly. (Speed+++)


Message History

Unknown command.
Unknown command.
You start resting.
Magic restored.
You start resting.
HP restored.
You start waiting.
Done waiting.
You start waiting.
Done waiting.
You start waiting.
Natasha, Servant of Life and Death comes into view.
She is carrying a wand of flame (17).
You start waiting.
Natasha is nearby!
Aiming: Sandblast (safe; 4% risk of failure)
Press: ? - help, Q - select action Shift-Dir - straight line, f - Natasha
Aim: Natasha, carrying a wand of flame (17) (haloed, 83% to hit)
The blast of sand hits Natasha.
Natasha is moderately wounded.
Natasha casts a spell.
Unknown command.
Aiming: Sandblast (safe; 4% risk of failure)
Press: ? - help, Q - select action Shift-Dir - straight line, f/p - Natasha
Aim: Natasha, carrying a wand of flame (17) (moderately wounded, haloed, 83% to hit)
The blast of sand hits Natasha.
Natasha is severely wounded.
Natasha claws you.
The cerulean imp hits you with a +0 spear.
Unknown command.
Natasha mewls in sadness.
Natasha claws you!
* * * LOW HITPOINT WARNING * * *
The cerulean imp hits you from afar with a +0 spear.
* * * LOW HITPOINT WARNING * * *
Natasha zaps a wand.
The puff of flame misses you.
Natasha wildly gestures.
You feel disoriented.
Natasha stares at you and mumbles some strange words.
The magic dart hits you!
You die...

#..............# #####.#
#.......##.##### ####......
#.....#.#..# #.........
#####.....## ###.......
#.......#### ##......
#...###....#################.
#...###.......#........# #.
#......#...##..........# #.
#...##......@...5......## ##
#...####...##.#..h......### #...#
######.#...........### #####
#.......##.##.... #############
######.....###... #.....#.....##
##.#..#.....
.............##########....รท.....
.................................
...............#########.######..


You could see Natasha and a cerulean imp (summoned).

Vanquished Creatures
  Natasha (twice) (D:1)
  2 adders (D:2)
  A worm (D:1)
  2 dart slugs (D:1)
  4 ball pythons
  6 bats
  An endoplasm (D:1)
  A goblin (D:2)
  4 hobgoblins
  4 jackals (D:2)
  A quokka (D:2)
  3 frilled lizards
  4 kobolds
  2 rats
37 creatures vanquished.

Notes
Turn   | Place    | Note
-------+----------+-------------------------------------------
     0 | D:1      | Groucho the Spriggan Earth Elementalist began the quest for
                  | the Orb.
     0 | D:1      | Reached XP level 1. HP: 9/9 MP: 5/5
   103 | D:1      | Reached XP level 2. HP: 13/13 MP: 1/6
  1160 | D:2      | Reached XP level 3. HP: 16/16 MP: 5/8
  1290 | D:2      | Reached skill level 1 in Conjurations
  1934 | D:2      | Noticed Natasha
  3118 | D:1      | Killed Natasha
  3119 | D:1      | Reached XP level 4. HP: 6/21 MP: 4/9
  3753 | D:1      | Noticed Natasha
  3760 | D:1      | Killed Natasha
  3761 | D:1      | Reached skill level 4 in Stealth
  4093 | D:1      | Noticed Natasha
  4110 | D:1      | Killed from afar by Natasha

Illustrated notes

Levels and vault maps discovered:
D:1:      kennysheep_arrival_seaside, layout_rooms, serial_curves,
          eino_curves_03, eino_curves_02
D:2:      layout_rooms, minivault_5, palyth_stone_intersect, uniq_natasha
D:3:      layout_basic

Skill      XL: |  1  2  3  4 |
---------------+-------------+-----
Earth Magic    | 3 |  3.4
Conjurations   | 1 |  1.4
Spellcasting   | 3 |  3.2
Dodging        | 3 |  3.2
Transmutations | 2 |  2.2
Stealth        | 4 |  4.0

Action                     |  1- 3 |  4- 6 || total
---------------------------+-------+-------++-------
   Cast: Sandblast         |    56 |     6 ||    62
 Armour: Robe              |     4 |       ||     4
  Dodge: Dodged            |    24 |     3 ||    27
